Map: Bridgehead LE (Void)

Players

Chelios - Winner!

  • Race: Zerg Zerg
  • League: Bronze

HzVee

  • Race: Protoss Protoss
  • League: Bronze

VOD

Have the link to the VOD?

Description

Time

  • Played on: Oct. 24, 2015, 11:31 p.m.
  • Length: 17:26
Show
View Real Time Build Order
Export as new Build Order

Chelios Zerg - Winner!

Build Orders: Hatch First, Lurkers 

Get SALT Encoding   

  12  0:08  Overlord  
  12  0:13  Drone  
  13  0:18  Drone  
  14  0:29  Drone  
  14  0:35  Drone  
  16  0:42  Drone  
  17  1:00  Drone  
  17  1:01  Hatchery  
  17  1:15  Spawning Pool  
  17  1:16  Drone  
  17  1:19  Drone  
  18  1:26  Extractor  
  18  1:27  Drone  
  18  1:35  Drone  
  19  1:46  Overlord  
  19  1:59  Drone  
  20  2:02  Queen  
  22  2:13  Hatchery  
  21  2:16  Drone  
  21  2:22  Queen  
  24  2:43  Overlord, Roach Warren  
  23  2:46  Drone x3  
  23  2:50  Zergling x2  
  28  3:12  Drone  
  28  3:13  Drone  
  29  3:25  Roach x4  
  29  3:26  Roach x3  
  43  3:45  Lair  
  43  3:51  Drone x6  
  43  3:52  Drone, Extractor  
  50  3:55  Drone  
  50  4:00  Overlord  
  50  4:16  Evolution Chamber  
  49  4:17  Overlord x2  
  49  4:19  Drone x2  
  49  4:22  Evolution Chamber  
  50  4:25  Drone  
  50  4:26  Drone x2  
  53  4:33  Spore Crawler  
  53  4:38  Spore Crawler  
  51  4:40  Drone x3, Extractor  
  51  4:43  Extractor  
  51  4:44  Drone  
  52  4:46  Drone  
  53  4:53  Zerg Missile Weapons Level 1  
  53  5:01  Drone  
  53  5:02  Drone x2  
  53  5:04  Drone  
  53  5:05  Drone x2  
  59  5:08  Drone x3  
  59  5:10  Drone x2  
  64  5:16  Zerg Ground Armor Level 1  
  64  5:18  Glial Reconstitution  
  66  5:28  Roach x2  
  66  5:29  Roach  
  66  5:32  Drone  
  66  5:33  Drone x2  
  73  5:52  Overlord x5  
  73  6:08  Hatchery  
  68  6:21  Roach x5  
  68  6:22  Roach x4  
  86  6:29  Drone x3  
  86  6:31  Queen  
  91  6:50  Roach  
  91  6:51  Roach x5  
  103  7:00  Zerg Missile Weapons Level 2  
  103  7:10  Infestation Pit  
  102  7:18  Hydralisk Den  
  102  7:20  Drone x3  
  104  7:26  Drone, Extractor  
  104  7:29  Drone x6, Extractor  
  110  7:30  Drone x2, Queen  
  113  7:39  Hatchery  
  113  7:40  Zerg Ground Armor Level 2  
  112  7:47  Hive  
  112  7:49  Lurker Den  
  112  7:58  Extractor  
  112  7:59  Extractor  
  112  8:01  Drone x3  
  112  8:03  Drone x3  
  112  8:05  Drone x3  
  119  8:06  Hatchery  
  119  8:07  Drone  
  119  8:10  Overlord x3  
  119  8:11  Overlord x3  
  119  8:32  Hydralisk x3  
  119  8:33  Hydralisk x3  
  131  8:46  Drone x4  
  135  8:52  Overseer  
  135  8:55  Drone x3  
  138  8:56  Drone  
  138  8:57  Drone x2  
  139  9:03  Hydralisk x9  
  139  9:04  Hydralisk x3  
  163  9:20  Overlord x4  
  163  9:24  Overseer x2  
  163  9:25  Hydralisk  
  163  9:26  Hydralisk x4  
  173  9:39  Hydralisk x6  
  185  9:56  Zerg Missile Weapons Level 3  
  185  9:58  Zerg Ground Armor Level 3  
  185  10:00  Muscular Augments  
  185  10:11  Lurker x2  
  185  10:12  Lurker x2  
  189  10:15  Lurker  
  190  10:30  Queen  
  182  10:58  Hydralisk x7  
  182  10:59  Hydralisk  
  198  11:32  Spire  
  197  11:33  Ultralisk Cavern  
  190  12:05  Hydralisk x5  
  190  12:06  Hydralisk x10  
  164  12:53  Hydralisk  
  164  12:54  Hydralisk x14  
  164  12:55  Hydralisk x7  
  178  13:35  Hydralisk x9  
  178  13:36  Hydralisk x4  
  198  13:48  Hydralisk x9  
  194  14:16  Hydralisk x4  
  194  14:17  Hydralisk  
  170  15:06  Mutalisk x4, Extractor  
  170  15:07  Mutalisk x11  
  163  15:10  Spore Crawler, Extractor  
  163  15:11  Spore Crawler x2  
  163  15:12  Spore Crawler  
  163  15:13  Spine Crawler, Queen  
  184  15:23  Lurker  
  184  15:24  Lurker x5  
  190  15:40  Spore Crawler x2  
  188  15:43  Spore Crawler  
  188  15:45  Drone x2  
  188  15:46  Drone  
  188  15:48  Drone x3  
  164  16:43  Roach  
  164  16:44  Roach x11  
  164  16:45  Roach x8  
  163  17:01  Roach x3  
  163  17:02  Roach  
Show
View Real Time Build Order
Export as new Build Order

HzVee Protoss 

Build Orders:  

Get SALT Encoding   

  12  0:01  Probe (Chrono Boost)  
  13  0:12  Probe (Chrono Boost)  
  14  0:20  Pylon  
  14  0:22  Probe (Chrono Boost)  
  15  0:39  Probe (Chrono Boost)  
  15  0:41  Gateway  
  16  0:44  Assimilator  
  16  0:49  Probe (Chrono Boost)  
  17  1:00  Gateway  
  17  1:11  Probe (Chrono Boost)  
  18  1:14  Pylon  
  18  1:21  Probe (Chrono Boost)  
  19  1:30  Zealot (Chrono Boost)  
  21  1:33  Probe  
  22  1:41  Cybernetics Core  
  22  1:45  Probe  
  23  1:47  Assimilator  
  23  1:55  Pylon  
  23  2:01  Probe  
  24  2:14  Probe  
  25  2:21  Warp Gate (Chrono Boost)  
  25  2:23  Adept  
  25  2:26  Mothership Core  
  29  2:38  Nexus  
  29  2:47  Adept  
  31  2:55  Stalker  
  33  3:05  Pylon  
  33  3:14  Stalker  
  35  3:25  Twilight Council  
  35  3:33  Pylon  
  35  3:36  Forge  
  35  3:39  Probe  
  36  3:48  Stalker  
  38  3:50  Probe  
  38  3:51  Probe  
  40  3:55  Resonating Glaives (Chrono Boost)  
  40  4:07  Adept  
  42  4:18  Robotics Facility  
  42  4:31  Gateway  
  42  4:39  Protoss Ground Weapons Level 1 (Chrono Boost)  
  42  4:54  Pylon  
  42  4:57  Probe  
  42  4:59  Assimilator  
  43  5:08  Pylon  
  43  5:09  Probe  
  43  5:12  Stalker  
  43  5:13  Stalker  
  48  5:21  Probe x2  
  49  5:22  Observer  
  49  5:24  Blink  
  51  5:33  Probe  
  52  5:45  Probe  
  52  5:49  Assimilator  
  53  5:50  Photon Cannon  
  53  5:57  Probe  
  53  6:02  Stalker  
  53  6:03  Stalker  
  58  6:10  Probe  
  59  6:18  Immortal  
  59  6:20  Protoss Shields Level 1 (Chrono Boost)  
  59  6:22  Probe  
  64  6:33  Nexus  
  64  6:34  Probe  
  64  6:37  Pylon  
  65  6:46  Probe  
  66  6:58  Probe  
  66  7:00  Immortal  
  71  7:05  Stalker  
  73  7:10  Probe  
  74  7:22  Probe  
  75  7:31  Gateway  
  75  7:32  Gateway  
  75  7:34  Probe  
  76  7:41  Immortal (Chrono Boost)  
  76  7:43  Stalker x2  
  84  7:45  Probe  
  85  7:55  Probe  
  86  8:00  Pylon  
  86  8:04  Pylon  
  86  8:06  Probe  
  86  8:08  Stalker x2  
  86  8:11  Stalker  
  93  8:16  Probe  
  94  8:23  Photon Cannon  
  94  8:25  Photon Cannon  
  94  8:27  Probe  
  94  8:32  Immortal (Chrono Boost), Protoss Ground Armor Level 1 (Chrono Boost)  
  95  8:38  Probe  
  100  8:43  Assimilator  
  100  8:47  Assimilator  
  100  8:48  Probe  
  100  8:50  Stalker  
  100  8:53  Stalker  
  105  8:59  Probe  
  106  9:09  Probe  
  107  9:20  Probe  
  108  9:27  Gateway x2  
  108  9:30  Probe  
  108  9:31  Pylon  
  108  9:34  Stalker x2  
  108  9:35  Stalker x2, Immortal  
  108  9:36  Stalker  
  119  9:41  Probe  
  124  9:51  Probe  
  125  10:04  Pylon  
  125  10:13  Stalker x3  
  125  10:14  Stalker  
  133  10:19  Nexus  
  133  10:24  Pylon x2  
  133  10:26  Pylon  
  133  10:31  Pylon  
  131  10:45  Observer  
  129  10:51  Stalker x2  
  129  10:52  Stalker  
  135  11:04  Observer  
  136  11:11  Robotics Bay  
  136  11:20  Immortal  
  136  11:22  Stalker, Protoss Ground Weapons Level 2 (Chrono Boost)  
  136  11:23  Stalker x2  
  146  11:46  Probe  
  147  11:54  Immortal  
  147  11:57  Probe  
  147  11:58  Stalker  
  147  11:59  Stalker x6  
  166  12:07  Probe  
  125  12:18  Probe  
  106  12:26  Stalker x3  
  106  12:27  Stalker x4  
  106  12:28  Immortal, Probe  
  115  12:39  Probe  
  114  12:49  Probe  
  114  12:50  Probe  
  115  12:53  Extended Thermal Lance  
  115  12:55  Stalker x2  
  115  12:56  Stalker x4  
  122  13:00  Probe  
  122  13:01  Probe  
  122  13:05  Observer  
  124  13:10  Probe  
  124  13:11  Probe  
  127  13:23  Observer  
  122  13:37  Colossus  
  122  13:39  Stalker x2  
  122  13:40  Stalker x5  
  128  13:45  Assimilator  
  108  14:03  Stalker x2  
  108  14:04  Stalker x5  
  108  14:09  Probe  
  103  14:19  Probe, Pylon  
  98  14:26  Immortal  
  98  14:30  Stalker x3, Probe  
  98  14:31  Stalker x3  
  112  14:32  Stalker  
  117  14:40  Probe  
  118  14:51  Probe  
  118  14:58  Colossus  
  119  15:01  Gateway x2, Probe  
  119  15:03  Gateway  
  126  15:07  Stalker x3  
  126  15:08  Stalker  
  126  15:12  Probe  
  135  15:21  Assimilator  
  135  15:23  Probe  
  136  15:32  Pylon  
  136  15:33  Probe  
  136  15:34  Pylon  
  137  15:44  Colossus  
  137  15:56  Stalker x2, Pylon  
  137  15:57  Stalker x2  
  149  15:58  Stalker x2  
  143  16:18  Stalker  
  143  16:21  Stalker x4  
  88  16:56  Stalker x3  
  88  16:57  Stalker x5  
  88  16:58  Stalker  
  94  17:10  Photon Cannon x2  
  94  17:12  Photon Cannon  
  94  17:15  Photon Cannon  
  72  17:20  Stalker x2  
Tags
 
Composition
Lurkers
Matchup
PvZ
Replay Pack
HzVee P1
Add a new tag
Caveats
  • Supply blocks, unpowered buildings, or Contaminate may cause inaccurate times.
  • Supply counts are checked every 10 seconds.